 Dungeon Sprint DCSS version 0.28-a0-925-gd5e1996cdb (webtiles) character file.

Game seed: 16576333767812173226

1094 gigimoi the Fighter (level 8, 0/70 HPs)
             Began as a Djinni Cinder Acolyte on Nov 26, 2021.
             Was an Initiate of Ignis.
             Slain by Snorg (8 damage)
             ... in the Dungeon (Sprint III: "The Ten Rune Challenge").
             The game lasted 00:02:53 (1085 turns).

gigimoi the Fighter (Djinni Cinder Acolyte)         Turns: 1085, Time: 00:02:54

Health: 0/70       AC:  4    Str: 15    XL:     8   Next: 57%
Gold:   33         EV: 11    Int: 15    God:    Ignis [......] SH:  0 Dex: 10

rFire   + + +      SeeInvis .   j - +3 quarterstaff (chaos)
rCold   x . .      Faith    .   (shield currently unavailable)
rNeg    . . .      Spirit   .   b - +0 robe
rPois   ∞          Reflect  .   (no helmet)
rElec   .          Harm     .   k - +1 cloak
rCorr   .          Rampage  .   (no gloves)
Will    .....      NoTele   +   (boots unavailable)
Stlth   +.........              (no amulet)
HPRegen 0.21/turn               (no ring)
MPRegen 0.00/turn               (no ring)

@: flying
A: sickness immunity, fire resistance 2, cold vulnerability 1, float, innate
caster, hp casting, extra vitality 1
a: Renounce Religion, Rising Flame


You were in the Dungeon.
You worshipped Ignis.
Ignis was noncommittal.
You visited 1 branch You collected 33 gold pieces.

Inventory:

Hand Weapons
 a - a -1 falchion of flaming
 j - a +3 quarterstaff of chaos (weapon)
Armour
 b - a +0 robe (worn)
 k - a +1 cloak (worn)
Scrolls
 g - a scroll of blinking
 h - a scroll of enchant armour {unknown}
 l - a scroll of torment {unknown}
 m - 2 scrolls of identify
 p - 2 scrolls of immolation {unknown}
Potions
 c - 2 potions of curing
 d - a potion of heal wounds
 e - a potion of haste
 f - a potion of berserk rage
 i - a potion of invisibility {unknown}
 n - 4 potions of flight
 o - 6 potions of mutation


   Skills:
 + Level 10.8 Fighting
 + Level 9.9 Long Blades
 + Level 8.3 Spellcasting


You had 15 spell levels left.
You knew the following spells:

 Your Spells              Type           Power      Damage    Failure   Level
a - Scorch                Fire           62%        2d8       1%          2
b - Freeze                Ice            100%       1d11      1%          1
c - Blink                 Tloc           62%        N/A       1%          2
d - Tukima's Dance        Hex            31%        N/A       1%          3
Your spell library was empty.

Dungeon Overview and Level Annotations

Branches:
Dungeon (1/1)

Altars:
Dithmenos
Elyvilon
Okawaru
Ru
Trog
Uskayaw
Wu Jian
Yredelemnul
Zin
The Shining One
Beogh

Annotations:
D Snorg


Innate Abilities, Weirdness & Mutations

You are immune to sickness and miasma.
You are immune to poison.
Your flesh is very heat resistant. (rF++)
You are vulnerable to cold. (rC-)
You float through the air rather than walking.
You learn spells naturally, not from books.
Your magical power is your life essence.
You have superior vitality. (+4 HP)


Message History

The shadow is burned by your cloak of flames.
You destroy the shadow!
Your fiery armour burns out.
You reach down and open the door.
There is an open door here.
Snorg the Insatiable comes into view.
Snorg is nearby!
Flames leap up around you!
You can no longer armour yourself in flame.
You can no longer call a swarm of foxfires against your foes.
Snorg shouts!
The foxfire hits Snorg.
Snorg is lightly wounded.
The foxfire hits Snorg.
Snorg is lightly wounded.
The foxfire hits Snorg.
Snorg is lightly wounded.
The foxfire hits Snorg.
Snorg is lightly wounded.
The foxfire hits Snorg.
Snorg is lightly wounded.
The foxfire hits Snorg.
Snorg is moderately wounded.
Okay, then.
Snorg goes berserk!
You sock Snorg! You burn Snorg.
Snorg is moderately wounded.
Snorg barely misses you. Snorg claws you. Snorg misses you.
You closely miss Snorg.
Snorg is moderately wounded.
Snorg closely misses you. Snorg claws you!! Snorg claws you.
Snorg barely misses you. Snorg claws you but does no damage. Snorg claws you!
You hit Snorg.
Snorg is moderately wounded.
Snorg closely misses you. Snorg claws you!
* * * LOW HITPOINT WARNING * * *
Snorg claws you!
* * * LOW HITPOINT WARNING * * *
Snorg barely misses you. Snorg claws you!
You die...

..#___#___#__#
..#...#__)#._#
..###'#†###)##
..#..........#
..'.⌠).......#
..#...######'#
..#.⌠.#
#...#+#####
.†#...#
#...#.§§§§+
..#+###
#...#§#@§§#
§.#
#...§v#T§§#
.§#
+.v§#.#§§§#
▓▓▓
▓▓▓▓▓▓▓▓▓▓▓


You could see Snorg (berserk).

Vanquished Creatures
  A deep elf pyromancer (D)
  A shadow (D)
  A necrophage (D)
  A water elemental (D)
  A jelly (D)
  Crazy Yiuf (D)
  Jessica (D)
  A necromancer (D)
  3 humans (D)
  An endoplasm (D)
  2 rats (D)
14 creatures vanquished.

Vanquished Creatures (others)
  40 foxfires (D)
40 creatures vanquished.

Grand Total: 54 creatures vanquished

Notes
Turn   | Place    | Note
-------+----------+-------------------------------------------
     0 | D        | gigimoi the Djinni Cinder Acolyte began the quest for the
                  | Orb.
     0 | D        | Reached XP level 1. HP: 20/20 MP: 0/0
   210 | D        | Noticed Jessica
   212 | D        | Killed Jessica
   213 | D        | Reached skill level 4 in Fighting
   213 | D        | Reached XP level 2. HP: 27/27 MP: 0/0
   213 | D        | Reached XP level 3. HP: 31/31 MP: 0/0
   213 | D        | Learned a level 1 spell: Freeze
   338 | D        | Noticed Crazy Yiuf
   343 | D        | Killed Crazy Yiuf
   344 | D        | Reached skill level 5 in Fighting
   344 | D        | Reached XP level 4. HP: 19/39 MP: 0/0
   359 | D        | Reached skill level 5 in Long Blades
   556 | D        | Noticed a water elemental
   558 | D        | Killed a water elemental
   559 | D        | Reached skill level 6 in Fighting
   559 | D        | Reached skill level 5 in Spellcasting
   559 | D        | Reached XP level 5. HP: 46/46 MP: 0/0
   559 | D        | Learned a level 2 spell: Blink
   564 | D        | Found a glowing silver altar of Zin.
   564 | D        | Found a glowing golden altar of the Shining One.
   564 | D        | Found a white marble altar of Elyvilon.
   565 | D        | Noticed a deep elf pyromancer
   573 | D        | Killed a deep elf pyromancer
   574 | D        | Reached skill level 9 in Fighting
   574 | D        | Reached XP level 6. HP: 41/56 MP: 0/0
   574 | D        | Reached XP level 7. HP: 44/61 MP: 0/0
   574 | D        | Learned a level 3 spell: Tukima's Dance
   658 | D        | Found a hide-covered altar of Uskayaw.
   658 | D        | Found an iron altar of Okawaru.
   658 | D        | Found a bloodstained altar of Trog.
   658 | D        | Found an ornate altar of the Wu Jian Council.
   658 | D        | Noticed a human
   658 | D        | Noticed a human
   663 | D        | Killed a human
   667 | D        | Killed a human
   668 | D        | Reached skill level 10 in Fighting
   668 | D        | Reached XP level 8. HP: 51/68 MP: 0/0
   753 | D        | Found a basalt altar of Yredelemnul.
   753 | D        | Found a shadowy altar of Dithmenos.
   753 | D        | Found a sacrificial altar of Ru.
   821 | D        | Noticed a shadow
   829 | D        | Killed a shadow
  1080 | D        | Noticed Snorg
  1085 | D        | Slain by Snorg

Illustrated notes

Levels and vault maps discovered:
D:        dungeon_sprint_mu [sprint_mu_entry_cave, sprint_mu_temple_rooms,
          sprint_mu_d1_horrors, sprint_mu_d2_genie, sprint_mu_d3_branching,
          sprint_mu_orc_legion, sprint_mu_elf_gauntlet, sprint_mu_hive_nellie,
          sprint_mu_lair_fedhas, sprint_mu_vaults_butterflies,
          sprint_mu_slime_circle, sprint_mu_swamp_cave, sprint_mu_shoals_kraken,
          sprint_mu_blade_basic, sprint_mu_crypt_lich, sprint_mu_tomb_spiral,
          sprint_mu_vestibule_basic, sprint_mu_gehenna_hellfire,
          sprint_mu_dis_giant, sprint_mu_tartarus_statrot,
          sprint_mu_cocytus_islands, sprint_mu_zot1]

Skill      XL: |  1  2  3  4  5  6  7  8 |
---------------+-------------------------+-----
Long Blades    | 4 5 8 9 |  9.9
Fighting       | 4 5 6 9 10 | 10.8
Spellcasting   | 3 4 5 7 8 |  8.3

Action                   |  1- 3 |  4- 6 |  7- 9 || total
-------------------------+-------+-------+-------++-------
Melee: Falchion          |    15 |    11 |       ||    26
       Quarterstaff      |       |     7 |    22 ||    29
Invok: Fiery Armour      |     2 |     1 |     2 ||     5
       Foxfire Swarm     |     1 |     1 |     3 ||     5
 Stab: Sleeping          |     1 |       |       ||     1
       Invisible         |       |     3 |       ||     3
Armor: Robe              |     1 |     1 |     6 ||     8
Dodge: Dodged            |    11 |    11 |    17 ||    39

Table legend: (Time is in decaauts)
 A = Elapsed time spent in this place.
 B = Non-inter-level travel time spent in this place.
 C = Inter-level travel time spent in this place.
 D = Time resting spent in this place.
 E = Time spent auto-exploring this place.
 F = Levels seen in this place.
 G = Mean time per level.
                   A        B        C        D        E       F      G
               +--------+--------+--------+--------+--------+-----+--------+
         Total |   1095 |   1068 |     27 |    641 |    268 |   1 | 1095.0 |
       Dungeon |   1095 |   1068 |     27 |    641 |    268 |   1 | 1095.0 |
               +--------+--------+--------+--------+--------+-----+--------+

Top non-repeatable levels by time:
       D: 1095 daAuts
